 Dungeon Crawl Stone Soup version 0.31-a0-920-g28cbb04a8c (webtiles) character file.

Game seed: 13003931658274979399

193286 ragingrage the Fighter (level 18, -10/115 HPs)
             Began as a Tengu Warper on Oct 18, 2023.
             Was a High Priest of Lugonu.
             Mangled by a naga
             ... wielding a +0 hand axe
              (15 damage)
             ... on level 3 of the Snake Pit.
             The game lasted 01:10:45 (39931 turns).

ragingrage the Fighter (Tengu Warper)              Turns: 39931, Time: 01:10:45

Health: -10/115    AC: 24    Str: 13    XL:     18   Next: 26%
Magic:  0/25       EV: 23    Int: 13    God:    Lugonu [*****.]
Gold:   1070       SH:  8    Dex: 23    Spells: 8/25 levels left

rFire   . . .        a - +9 rapier (distort)
rCold   + . .        R - +2 buckler {rN+}
rNeg    + . .        q - +8 ring mail "Geajuves" {rC+ Dex+2}
rPois   +            d - +2 hat
rElec   .            X - scarf of the Postmodern Seas {shadows, Slay+5}
rCorr   .            K - +3 pair of gauntlets of War {Slay+5}
SInv    .            (boots unavailable)
Will    +....        l - amulet of guardian spirit
Stlth   +++++        u - +4 ring of protection
HPRegen 0.39/turn    G - ring of poison resistance
MPRegen 0.19/turn

%: acrobat, guardian spirit
@: wereblooded, flying, studying 2 skills
A: beak, talons 3, evasive flight, acrobatic
}: 1/15 runes: decaying
a: Renounce Religion, Depart the Abyss, Banish, Corrupt, Enter the Abyss


You were on level 3 of the Snake Pit.
You worshipped Lugonu.
Lugonu was extremely pleased with you.
You visited 6 branches of the dungeon, and saw 30 of its levels.
You also visited: Gauntlet and Ice Cave.

You collected 4828 gold pieces.
You spent 3758 gold pieces at shops.

Inventory:

Hand Weapons
 a - a +9 rapier of distortion (weapon)
Missiles
 A - a throwing net
 N - 4 silver javelins
 P - 6 curare-tipped darts
Armour
 d - a +2 hat (worn)
 q - the +8 ring mail "Geajuves" (worn) {rC+ Dex+2}
   (You found it on level 3 of the Dungeon)

   Dex+2:     It affects your dexterity (+2).
   rC+:       It protects you from cold.
 K - the +3 pair of gauntlets of War (worn) {Slay+5}
   (You bought it in a shop on level 4 of the Dungeon)

   Slay+5:    It affects your accuracy & damage with ranged weapons and melee
   (+5).
 R - a +2 buckler of positive energy (worn)
 X - the scarf of the Postmodern Seas (worn) {shadows, Slay+5}
   (You acquired it on level 5 of the Lair of Beasts)

   Slay+5:    It affects your accuracy & damage with ranged weapons and melee
   (+5).
Jewellery
 l - an amulet of guardian spirit (around neck)
 u - a +4 ring of protection (left hand)
 G - a ring of poison resistance (right hand)
 H - a ring of protection from fire
 J - the ring of Medyg {rPois rC+ MP+9 Str-3}
   (You found it in a Gauntlet)

   [ring of magical power]

   Str-3:     It affects your strength (-3).
   rC+:       It protects you from cold.
   rPois:     It protects you from poison MP+9: It affects your magic capacity
   (+9).
 Q - a ring of see invisible
 W - a +4 ring of protection
Wands
 i - a wand of flame (26)
 C - a wand of paralysis (11)
 F - a wand of acid (7)
 O - a wand of iceblast (6)
 Z - a wand of mindburst (12)
Scrolls
 c - 5 scrolls of blinking
 k - 5 scrolls of poison
 o - 3 scrolls of torment
 p - 4 scrolls of amnesia
 r - 7 scrolls of noise
 w - 6 scrolls of fear
 y - 4 scrolls of revelation
 D - 6 scrolls of teleportation
 I - 3 scrolls of silence
 L - 2 scrolls of fog
Potions
 e - 2 potions of enlightenment
 f - 3 potions of attraction
 g - 7 potions of curing
 h - 6 potions of brilliance
 j - 4 potions of lignification
 m - 2 potions of cancellation
 s - 5 potions of ambrosia
 t - 3 potions of resistance
 v - 3 potions of heal wounds
 x - a potion of invisibility {unknown}
 z - 3 potions of might
 B - 2 potions of magic
 E - 4 potions of haste
 M - a potion of berserk rage
 Y - 2 potions of mutation
Miscellaneous
 b - a phantom mirror
 n - a lightning rod (2/4)
 T - a phial of floods (inert)
 U - a condenser vane


   Skills:
 + Level 13.6 Fighting
 + Level 13.1(15.2) Short Blades
 - Level 12.7(15.0) Long Blades
 - Level 1.0 Throwing
 - Level 6.0 Armour
 - Level 12.0 Dodging
 + Level 12.3 Stealth
 - Level 4.0 Shields
 - Level 4.0 Spellcasting
 - Level 11.0 Translocations
 + Level 6.5 Transmutations
 - Level 10.0 Air Magic
 - Level 3.0 Earth Magic
 - Level 9.0 Invocations
 - Level 7.0 Evocations


You had 8 spell levels left.
You knew the following spells:

 Your Spells              Type           Power      Damage    Failure   Level
a - Wereblood             Tmut           19%        N/A       6%          2
b - Blink                 Tloc           62%        N/A       1%          2
c - Swiftness             Air            28%        N/A       2%          3
d - Manifold Assault      Tloc           31%        N/A       6%          4
e - Vhi's Electric Charg  Tloc/Air       58%        N/A       8%          4
f - Passwall              Tmut/Erth      12%        N/A       12%         2

Your spell library contained the following spells:

 Spells                   Type           Power      Damage    Failure   Level
 Lesser Beckoning         Tloc           62%        N/A       1%          2
 Teleport Other           Tloc           31%        N/A       1%          3
 Passage of Golubria      Tloc           31%        N/A       6%          4
 Shock                    Conj/Air       60%        1d6       7%          1
 Momentum Strike          Conj/Tloc      32%        3d8       9%          2
 Airstrike                Air            14%        2d(2-18)  9%          4
 Static Discharge         Conj/Air       30%        2-4/arc   11%         2
 Kiss of Death            Conj/Necr      8%         2d6       50%         1
 Slow                     Hex            8%         N/A       50%         1
 Dimensional Bullseye     Hex/Tloc       8%         N/A       50%         4
 Ignite Poison            Fire/Tmut/Pois 8%         N/A       56%         3
 Petrify                  Tmut/Erth      15%        N/A       61%         4
 Ensorcelled Hibernation  Hex/Ice        4%         N/A       63%         2
 Jinxbite                 Hex            4%         N/A       63%         2
 Sublimation of Blood     Necr           2%         N/A       63%         2
 Stone Arrow              Conj/Erth      12%        3d7       65%         3
 Call Canine Familiar     Summ           2%         N/A       86%         3
 Confusing Touch          Hex            2%         N/A       86%         3
 Ozocubu's Armour         Ice            2%         N/A       86%         3
 Sigil of Binding         Hex            2%         N/A       86%         3
 Tukima's Dance           Hex            2%         N/A       86%         3
 Vampiric Draining        Necr           2%         2d6       86%         3
 Leda's Liquefaction      Hex/Erth       3%         N/A       96%         4
 Anguish                  Hex/Necr       1%         N/A       99%         4
 Olgreb's Toxic Radiance  Pois           2%         N/A       99%         4
 Sticky Flame             Conj/Fire      2%         2d3       99%         4
 Freezing Cloud           Conj/Ice/Air   5%         6-21      99%         5
 Irradiate                Conj/Tmut      5%         3d13      99%         5
 Yara's Violent Unravell  Hex/Tmut       5%         3d4       99%         5
 Conjure Ball Lightning   Conj/Air       7%         3x3d6     100%        6
 Ozocubu's Refrigeration  Ice            1%         4d7       100%        7
 Summon Hydra             Summ           1%         N/A       100%        7
 Discord                  Hex            1%         N/A       100%        8
 Disjunction              Tloc           15%        N/A       100%        8
 Ignition                 Fire           1%         3d3       100%        8
 Chain Lightning          Conj/Air       7%         3d10      100%        9


Dungeon Overview and Level Annotations

Branches:
Dungeon (15/15)            Temple (1/1) D:5            Lair (5/5) D:11
  Swamp (4/4) Lair:3        Snake (3/4) Lair:3        Slime (0/5) Lair:5
    Orc (2/2) D:10            Elf (0/3) Orc:2        Vaults (0/5) D:14
 Depths (0/4) D:15          IceCv (visited)         Gauntlet (visited)

Altars:
Ashenzari
Cheibriados
Dithmenos
Elyvilon
Fedhas
Gozag
Hepliaklqana
Kikubaaqudgha
Makhleb
Nemelex Xobeh
Okawaru
Qazlal
Ru
Sif Muna
Trog
Uskayaw
Vehumet
Wu Jian
Xom
Yredelemnul
Zin
The Shining One
Jiyva
Lugonu

Shops:
D:4 ?*[   D:11 [   D:12 :   D:14 *   Orc:2 ![[::[[:*   Snake:2 =:

Portals:
Abyss: D:4 Snake:1
Trove: D:15 (give 4 scrolls of fear)

Annotations:
D:14 Azrael
Lair:3 corrupted, 2 transporters, Luamoim's ghost, journeyman TrSh
Swamp:3 exclusion: downstairs
Swamp:4 corrupted
Snake:1 2 transporters, Scypho's ghost, adept MiFi
Snake:2 1 transporter
Orc:2 Saint Roka
Abyss:1 Kirke; Louise


Innate Abilities, Weirdness & Mutations

You have a beak for a mouth.
You have claws for feet.
Your magical flight helps you evade attacks. (EV +4)
You can magically evade attacks while moving or waiting.


Message History

Your blood is infused with primal strength.
The naga warrior spits poison at you. The splash of poison misses you.
A black mamba comes into view.
The black mamba hisses angrily.
You hit the naga warrior.
Space warps around the naga warrior.
You claw the naga warrior.
The naga warrior roars a battlecry!
The nagas go into a battle-frenzy!
Space momentarily warps into an impossible shape!
You puncture the salamander!
Space warps around the salamander.
You puncture the naga warrior! You hit the naga but do no damage.
The naga blinks!
The naga completely misses you. The naga misses you.
Space momentarily warps into an impossible shape!
You hit the naga.
Space warps horribly around the naga!
You puncture the black mamba!
Space warps around the black mamba.
Space momentarily warps into an impossible shape!
You puncture the naga warrior!
Space warps around the naga warrior.
You kill the naga warrior!
Lugonu accepts your kill.
You closely miss the salamander. You barely miss the black mamba.
The naga spits poison at you. The splash of poison misses you.
The naga warrior hits you from afar with a +0 glaive!!
You block the black mamba's attack. You block the naga's attack.
The naga grabs you.
You stop ascending the stairs.
The naga constricts you.
The salamander hits you from afar with a +0 trident!
You are engulfed in flames!
The black mamba bites you but does no damage.
The naga warrior hits you from afar with a +0 glaive!!
You can't go down here!
You escape the naga's grasp.
The black mamba bites you.
* * * LOW HITPOINT WARNING * * *
You block the salamander's attack.
The naga warrior hits you from afar with a +0 glaive!!
* * * LOW HITPOINT WARNING * * *
The naga hits you with a +0 hand axe!
You die...

..### ###
. ...$ .
#.. ..#...
.##..
...$.###
...$
#..... #..
#...# #
#.. #..@#
..##..
#.NS.NN...
.....)
####.N...#
......
.....#
...#..
#....# ..
#.. .##$#
. #.. ..
.. ##. #.
#.


You could see a naga warrior (strong), a salamander (strong), a black mamba and
2 nagas.

Vanquished Creatures
  Nikola (Snake:1)
  Mlioglotl (Swamp:2)
  Agnes (Snake:1)
  2 thorn hunters
  Aizul (Snake:1)
  A nagaraja (Snake:2)
  Donald (Swamp:4)
  2 orc warlords (Orc:2)
  4 eleionomae
  2 bunyips
  A dire elephant (Lair:5)
  A minotaur (Gauntlet)
  2 fire dragons (D:15)
  Fannar (Lair:2)
  Josephine (Orc:1)
  A rakshasa (D:14)
  An ogre mage (D:15)
  18 hydras
  A catoblepas (Lair:5)
  A ghost crab (Swamp:3)
  A spriggan air mage (Swamp:3)
  A peacekeeper (D:14)
  4 boulder beetles
  6 centaur warriors
  10 two-headed ogres
  11 alligators
  A deep troll shaman (Lair:5)
  2 tengu warriors (D:14)
  An orc high priest (Orc:1)
  6 naga warriors
  A shock serpent (Snake:3)
  13 death yaks
  5 naga sharpshooters
  3 salamander mystics
  2 skysharks
  An arcanist (Gauntlet)
  2 goliath frogs
  A spriggan druid (Swamp:2)
  6 swamp dragons
  A glowing orange brain (D:14)
  A bog body (Swamp:1)
  8 orc knights
  A sea snake (Snake:2)
  A lindwurm (Lair:2)
  2 mana vipers
  Pikel (D:6)
  A deep elf pyromancer (D:14)
  7 ugly things
  3 oklob plants
  6 cyclopes
  2 orc sorcerers
  2 manticores (D:15)
  4 salamanders
  13 centaur zombies (D:11)
  A will-o-the-wisp (Swamp:4)
  7 elephants
  23 black mambas
  A gargoyle (D:12)
  7 naga magi
  2 torpor snails (Lair:2)
  25 cane toads
  2 ice statues (IceCv)
  An unseen horror (D:12)
  7 rime drakes
  A freezing wraith (D:15)
  17 komodo dragons
  8 ice devils
  An efreet (D:15)
  6 polar bears
  5 tyrant leeches
  4 trolls
  11 blink frogs
  6 hornets
  8 dream sheep
  3 meliai zombies (D:11)
  4 slime creatures
  6 spriggans
  5 shadows
  4 dire elephant simulacra (IceCv)
  A vampire (D:10)
  7 wyverns
  9 wraiths
  43 yaks
  A yak (shapeshifter) (D:14)
  8 basilisks
  2 fire elementals
  4 hogs (Snake:1)
  Eustachio (D:6)
  8 steam dragons
  A death yak simulacrum (IceCv)
  19 nagas
  10 vampire mosquitoes
  Edmund (D:4)
  6 wargs
  3 acid dragons
  11 swamp worms
  5 harpy simulacra (IceCv)
  25 water moccasins
  A hydra simulacrum (IceCv)
  3 hell hounds (D:15)
  8 swamp drakes
  Duvessa (D:6)
  58 orc warriors
  2 sky beasts (D:7)
  2 ice beasts
  9 ogres
  6 black bears
  13 wolves
  18 centaurs
  2 phantoms (D:6)
  A kobold brigand (D:9)
  A lemure (D:5)
  15 bullfrogs
  A scorpion (D:6)
  A gnoll sergeant (D:8)
  A two-headed ogre simulacrum (IceCv)
  17 wights
  Dowan (D:6)
  6 killer bees
  An elephant simulacrum (IceCv)
  An electric eel (Snake:2)
  12 howler monkeys
  A lava snake (D:7)
  4 jellies
  15 orc priests
  4 hounds
  A gnoll bouda (D:5)
  Natasha (thrice) (D:4)
  4 iguanas
  27 orc wizards
  3 howler monkey zombies (D:11)
  7 gnolls
  5 adders
  3 shadow imps
  5 white imps
  A worm (D:3)
  3 dart slugs
  79 orcs
  10 ball pythons
  7 endoplasms
  9 giant cockroaches
  9 goblins
  10 hobgoblins
  3 quokkas
  9 kobolds
  4 rats
911 creatures vanquished.

Vanquished Creatures (others)
  the Lernaean hydra (Swamp:4)
  Rupert (Lair:3)
  A shambling mangrove (Swamp:4)
  2 hydras (Swamp:4)
  An anaconda (Snake:2)
  An alligator (Swamp:4)
  5 swamp dragons (Swamp:4)
  A bloated husk (Swamp:1)
  A tyrant leech (Swamp:4)
  3 hornets (Swamp:4)
  A hog (Snake:1)
  A spriggan (Swamp:4)
  2 swamp worms (Swamp:4)
  A swamp drake (Swamp:4)
  6 foxfires (Swamp:4)
  A lurking horror (D:4)
  8 starspawn tentacles (Swamp:4)
37 creatures vanquished.

Grand Total: 948 creatures vanquished

Notes
Turn   | Place    | Note
-------+----------+-------------------------------------------
     0 | D:1      | ragingrage the Tengu Warper began the quest for the Orb.
     0 | D:1      | Reached XP level 1. HP: 12/12 MP: 4/4
   145 | D:1      | Found a faded altar of an unknown god.
   154 | D:1      | Prayed at the altar of an unknown god.
   154 | D:1      | Became a worshipper of Lugonu the Unformed
   154 | D:1      | Reached * piety under Lugonu
   160 | D:1      | Reached XP level 2. HP: 14/17 MP: 6/6
   518 | D:1      | Reached XP level 3. HP: 17/21 MP: 7/7
   894 | D:2      | HP: 1/21 [poisoned by an adder]
  1070 | D:2      | Reached XP level 4. HP: 25/26 MP: 8/8
  1129 | D:2      | Reached ** piety under Lugonu
  2073 | D:3      | Learned a level 2 spell: Blink
  2170 | D:3      | Identified the +8 ring mail "Geajuves" {rC+ Dex+2}
  2351 | D:4      | Found Plog's Armour Boutique.
  2376 | D:4      | Found Rameesiax's General Store.
  2402 | D:4      | Bought a scroll of identify for 26 gold pieces
  2436 | D:4      | Noticed Edmund
  2490 | D:5      | Entered Level 5 of the Dungeon
  2593 | D:4      | Noticed Natasha
  2598 | D:4      | Killed Natasha
  2599 | D:4      | Reached XP level 5. HP: 29/30 MP: 9/9
  2612 | D:4      | Found Nocafoh's Magic Scroll Shoppe.
  2826 | D:4      | Found a corrupted altar of Lugonu.
  2828 | D:4      | Found a one-way gate to the infinite horrors of the Abyss.
  3052 | D:4      | Killed Edmund
  3053 | D:4      | Reached XP level 6. HP: 10/35 MP: 10/10
  3385 | D:4      | Noticed Natasha
  3394 | D:4      | Killed Natasha
  3488 | D:4      | Noticed Natasha
  3494 | D:4      | Killed Natasha
  3590 | D:4      | Reached skill level 5 in Long Blades
  3617 | D:5      | Reached *** piety under Lugonu
  3618 | D:5      | Reached skill level 1 in Short Blades
  3618 | D:5      | Gained mutation: Your magical flight helps you evade
                  | attacks. (EV +4) [Tengu growth]
  3618 | D:5      | Reached XP level 7. HP: 40/40 MP: 11/11
  4203 | D:5      | Found a staircase to the Ecumenical Temple.
  4208 | Temple   | Entered the Ecumenical Temple
  4574 | D:6      | Reached skill level 5 in Short Blades
  4575 | D:6      | Found an iron altar of Okawaru.
  4591 | D:6      | Reached XP level 8. HP: 42/44 MP: 12/12
  4791 | D:6      | Noticed Pikel
  4897 | D:6      | Noticed Dowan
  5006 | D:6      | Noticed Duvessa
  5016 | D:6      | Killed Duvessa
  5081 | D:6      | Killed Dowan
  5212 | D:6      | Killed Pikel
  5213 | D:6      | Reached XP level 9. HP: 37/48 MP: 13/13
  5423 | D:6      | Noticed Eustachio
  5438 | D:6      | Killed Eustachio
  5894 | D:7      | Reached skill level 5 in Translocations
  6201 | D:7      | Reached skill level 5 in Fighting
  6412 | D:7      | Reached skill level 1 in Invocations
  6450 | D:7      | Reached **** piety under Lugonu
  6578 | D:7      | Reached XP level 10. HP: 54/60 MP: 14/14
  7140 | D:8      | Reached skill level 5 in Dodging
  7780 | D:9      | Noticed a two-headed ogre
  7793 | D:9      | Killed a two-headed ogre
  7988 | D:9      | Reached skill level 5 in Invocations
  8739 | D:9      | Reached XP level 11. HP: 64/64 MP: 16/16
  8932 | D:9      | Paralysed by a hornet for 3 turns
  9403 | D:10     | Entered Level 10 of the Dungeon
  9438 | D:10     | Learned a level 2 spell: Wereblood
  9442 | D:10     | Learned a level 3 spell: Swiftness
  9591 | D:10     | Reached skill level 1 in Air Magic
  9907 | D:10     | Found a staircase to the Orcish Mines.
 10697 | Gauntlet | Identified the of Weowiu Mitto
 10697 | Lair:2   | Identified the "Iliutes"
 10697 | Orc:1    | Entered Level 1 of the Orcish Mines
 11058 | Orc:1    | Noticed an orc sorcerer
 11067 | Orc:1    | Paralysed by an orc sorcerer for 5 turns
 11098 | Orc:1    | Killed an orc sorcerer
 11234 | D:4      | Bought the +3 pair of gauntlets of War {Slay+5} for 475
                  | gold pieces
 11234 | D:4      | Found the +3 pair of gauntlets of War {Slay+5}
 11374 | D:11     | Found a gate leading to a gauntlet.
 11503 | Gauntlet | Entered a Gauntlet
 11503 | Gauntlet | Found a large runed translucent door.
 11503 | Gauntlet | Found a large runed translucent door.
 11503 | Gauntlet | Found a large runed translucent door.
 11503 | Gauntlet | Found a large runed translucent door.
 11503 | Gauntlet | Found a runed translucent door.
 11503 | Gauntlet | Found a large runed translucent door.
 11503 | Gauntlet | Found a large runed translucent door.
 11503 | Gauntlet | Found a transporter.
 11503 | Gauntlet | Found a transporter.
 11503 | Gauntlet | Found a large runed translucent door.
 11503 | Gauntlet | Found a large runed translucent door.
 11503 | Gauntlet | Found a runed translucent gate.
 11503 | Gauntlet | Found a runed translucent gate.
 11503 | Gauntlet | Found a transporter.
 11505 | Gauntlet | Found a transporter.
 11508 | Gauntlet | Found a transporter.
 11508 | Gauntlet | Found a transporter.
 11514 | Gauntlet | Noticed an arcanist
 11518 | Gauntlet | Found a transporter.
 11522 | Gauntlet | Found a transporter.
 11524 | Gauntlet | Noticed a death yak
 11524 | Gauntlet | Noticed a death yak
 11524 | Gauntlet | Noticed a death yak
 11526 | Gauntlet | Noticed a necromancer
 11532 | Gauntlet | Found a transporter.
 11549 | Gauntlet | Noticed a minotaur
 11607 | Gauntlet | Found a runed translucent door.
 11608 | Gauntlet | Found a large runed translucent door.
 11608 | Gauntlet | Found a large runed translucent door.
 11608 | Gauntlet | Found a large runed translucent door.
 11608 | Gauntlet | Found a large runed translucent door.
 11609 | Gauntlet | Found a large runed translucent door.
 11609 | Gauntlet | Found a large runed translucent door.
 11610 | Gauntlet | Found a large runed translucent door.
 11610 | Gauntlet | Found a large runed translucent door.
 11619 | Gauntlet | Found a runed translucent gate.
 11639 | Gauntlet | Found a transporter.
 11641 | Gauntlet | Found a transporter.
 11649 | Gauntlet | Noticed a death drake
 11651 | Gauntlet | Found a transporter.
 11826 | Gauntlet | Reached skill level 5 in Air Magic
 11847 | Gauntlet | Identified the ring of Medyg {rPois rC+ MP+9 Str-3}
 11867 | Gauntlet | Reached ***** piety under Lugonu
 11878 | Gauntlet | Paralysed by an arcanist for 4 turns
 11884 | Gauntlet | Killed an arcanist
 11935 | Gauntlet | Killed a death yak
 11956 | Gauntlet | Killed a minotaur
 12047 | Gauntlet | Identified the +2 quarterstaff of Deill {heavy, rElec Will+
                  | Str+2 SInv}
 12047 | Gauntlet | Identified the +3 ring mail "Seif" {rF+ SInv}
 12183 | D:11     | Reached XP level 12. HP: 66/70 MP: 19/19
 12275 | D:11     | Noticed a two-headed ogre
 12329 | D:11     | Killed a two-headed ogre
 12344 | D:11     | Noticed a death yak
 12394 | D:10     | Learned a level 4 spell: Manifold Assault
 12399 | D:10     | Learned a level 4 spell: Vhi's Electric Charge
 12415 | D:11     | Killed a death yak
 12842 | D:11     | Reached skill level 10 in Long Blades
 12977 | D:11     | Found Emosam's Antique Armour Emporium.
 13050 | D:11     | Found a staircase to the Lair.
 13123 | D:11     | Found a shimmering blue altar of Sif Muna.
 13171 | D:11     | Noticed a two-headed ogre
 13190 | D:11     | Killed a two-headed ogre
 13501 | D:12     | Found a frozen archway.
 13521 | IceCv    | Entered an ice cave
 13563 | IceCv    | Reached XP level 13. HP: 74/74 MP: 20/20
 13651 | IceCv    | Reached skill level 5 in Armour
 14228 | IceCv    | Noticed a reaper
 14229 | IceCv    | Banished a reaper
 14555 | D:12     | Found Egaohy's Book Emporium.
 14883 | D:12     | Reached skill level 1 in Stealth
 15222 | Lair:1   | Entered Level 1 of the Lair of Beasts
 15399 | Lair:1   | Reached ****** piety under Lugonu
 15577 | Lair:1   | You are sucked into a shaft and drop 1 floor!
 15623 | Lair:2   | Reached skill level 5 in Stealth
 15881 | Lair:2   | Reached XP level 14. HP: 68/80 MP: 21/21
 16955 | Lair:2   | Noticed Fannar
 16971 | Lair:2   | Killed Fannar
 17055 | Lair:2   | Identified the +9 long sword of Res Judicata {heavy, rCorr
                  | Int-3 Stlth+}
 18045 | Lair:3   | Noticed Sonja
 18046 | Lair:3   | Sonja changed into Sonja the rime drake
 18046 | Lair:3   | Noticed Sonja
 18055 | Lair:3   | Killed Sonja the rime drake
 18109 | Lair:3   | Noticed Rupert
 18110 | Lair:3   | Corrupted Lair:3
 18110 | Lair:3   | Noticed a starcursed mass
 18110 | Lair:3   | Noticed a white very ugly thing
 18117 | Lair:3   | Killed Rupert
 18214 | Lair:3   | Found a transporter.
 18221 | Lair:3   | Found a bloodstained altar of Trog.
 18224 | Lair:3   | Noticed Luamoim's ghost (journeyman TrSh)
 18240 | Lair:3   | Reached skill level 5 in Transmutations
 18297 | Lair:3   | Found a transporter.
 18540 | Lair:3   | Found a staircase to the Snake Pit.
 18823 | Lair:3   | Found a blossoming altar of Fedhas.
 19200 | Lair:3   | Found a staircase to the Swamp.
 19206 | Lair:3   | Reached skill level 10 in Air Magic
 19383 | Lair:3   | Learned a level 2 spell: Passwall
 19693 | Lair:3   | Found a blossoming altar of Fedhas.
 19886 | Lair:3   | Found a staircase to the Snake Pit.
 20203 | Lair:3   | Found a transporter.
 20325 | Lair:3   | Found a staircase to the Swamp.
 20362 | Lair:3   | Found a transporter.
 20363 | Lair:3   | Found a bloodstained altar of Trog.
 20661 | Lair:4   | Reached skill level 1 in Earth Magic
 21049 | Lair:4   | Reached XP level 15. HP: 89/89 MP: 22/22
 21287 | Lair:5   | Entered Level 5 of the Lair of Beasts
 21456 | Snake:1  | Entered Level 1 of the Snake Pit
 22368 | Lair:5   | Identified 2 scrolls of acquirement
 22368 | Lair:5   | Acquired 1222 gold pieces
 22582 | Lair:5   | Reached skill level 10 in Fighting
 22730 | Lair:5   | Found a viscous altar of Jiyva.
 22740 | Lair:5   | Found a staircase to the Slime Pits.
 23335 | Lair:5   | Identified the +0 scale mail of Efuf Yrrosea {Dex+3}
 23750 | Orc:2    | Entered Level 2 of the Orcish Mines
 23750 | Orc:2    | Noticed Josephine
 23750 | Orc:2    | Found Udiruz's Armour Boutique.
 23761 | Orc:1    | Killed Josephine
 24082 | Orc:2    | Found a staircase to the Elven Halls.
 24362 | Orc:2    | Found Rocalis's Book Shoppe.
 24528 | Orc:2    | Found Vonyecef's General Store.
 24532 | Orc:2    | Bought a scroll of fear for 56 gold pieces
 24953 | Orc:2    | Found Laofoeff's Book Emporium.
 24953 | Orc:2    | Found Bofipaur's Book Boutique.
 24953 | Orc:2    | Found Xolivel's Antique Armour Shop.
 24960 | Orc:2    | Found Geso Lyfebb's Antique Armour Shoppe.
 25008 | Orc:2    | Noticed Saint Roka
 25171 | Orc:2    | Bought an embroidered hat for 273 gold pieces
 25235 | Orc:1    | You are sucked into a shaft and drop 1 floor!
 25361 | Orc:2    | Found Deanism's Antique Armour Shoppe.
 25362 | Orc:2    | Found Nappye's Distillery.
 25370 | Orc:2    | Bought a potion of cancellation for 88 gold pieces
 25370 | Orc:2    | Bought a potion of might for 44 gold pieces
 25370 | Orc:2    | Bought a potion of resistance for 110 gold pieces
 25469 | Orc:2    | Noticed an orc warlord
 25638 | Orc:2    | Reached XP level 16. HP: 90/100 MP: 23/23
 25756 | Orc:1    | Reached skill level 10 in Translocations
 27296 | Orc:2    | Identified the +0 robe of the Special Continents {Str+2
                  | Dex+2}
 28142 | D:13     | Identified the +8 chain mail "Tehenav" {+Inv MP+9 Str-3
                  | Dex+6}
 28869 | D:14     | Found Vocrufup's Assorted Antiques.
 28877 | D:14     | Bought a glowing rapier for 196 gold pieces
 28881 | D:14     | Bought a fizzy brown potion for 25 gold pieces
 28881 | D:14     | Bought a bubbling golden potion for 25 gold pieces
 29138 | D:14     | Found a gate to the Vaults.
 29198 | D:14     | Reached skill level 1 in Evocations
 29434 | D:14     | Found an ancient bone altar of Kikubaaqudgha.
 29846 | D:11     | Bought a turquoise-studded troll leather armour for 600
                  | gold pieces
 29846 | D:11     | Identified the +2 troll leather armour of Fun {rElec rPois
                  | rN+ Regen+ Str+2} (You bought it in a shop on level 11 of
                  | the Dungeon)
 29907 | D:11     | Acquired the scarf of the Postmodern Seas {shadows, Slay+5}
 29987 | D:15     | Entered Level 15 of the Dungeon
 30609 | D:15     | Noticed Azrael
 31167 | D:15     | Found a portal to a secret trove of treasure.
 31204 | D:15     | Reached skill level 10 in Dodging
 32185 | D:15     | Found a staircase to the Depths.
 32446 | Swamp:1  | Entered Level 1 of the Swamp
 32487 | Swamp:1  | Noticed a thorn hunter
 32501 | Swamp:1  | Killed a thorn hunter
 32719 | Swamp:1  | Reached skill level 5 in Evocations
 33042 | Swamp:1  | Identified a +4 rapier of distortion (a +2 rapier of venom
                  | corrupted by Lugonu)
 33042 | Swamp:1  | Received a gift from Lugonu
 33273 | Swamp:1  | Reached XP level 17. HP: 106/106 MP: 24/24
 33469 | D:12     | Bought a manual of Short Blades for 880 gold pieces
 33529 | Orc:2    | Bought a manual of Stealth for 960 gold pieces
 34307 | Swamp:2  | Noticed Mlioglotl
 34313 | Swamp:2  | Killed Mlioglotl
 34477 | Swamp:3  | Reached skill level 10 in Short Blades
 35482 | Swamp:4  | Entered Level 4 of the Swamp
 35971 | Swamp:4  | Noticed Donald
 35977 | Swamp:4  | Killed Donald
 36062 | Swamp:4  | Reached skill level 1 in Shields
 36533 | Swamp:4  | Reached skill level 10 in Stealth
 36593 | Swamp:4  | Noticed the 27-headed Lernaean hydra
 36595 | Swamp:4  | Corrupted Swamp:4
 36595 | Swamp:4  | Noticed a bone dragon
 36596 | Swamp:4  | Noticed a tentacled starspawn
 36599 | Swamp:4  | Killed the 27-headed Lernaean hydra
 36908 | Swamp:4  | Got a decaying rune of Zot
 37411 | Snake:1  | Noticed Aizul
 37417 | Snake:1  | Noticed Agnes
 37424 | Snake:1  | Killed Agnes
 37426 | Snake:1  | Killed Aizul
 37489 | Snake:1  | Noticed a profane servitor
 37494 | Snake:1  | Found a transporter.
 37496 | Snake:1  | Found a transporter.
 37523 | Snake:1  | Noticed Nikola
 37535 | Snake:1  | Killed Nikola
 37807 | Snake:1  | Noticed Louise
 37810 | Snake:1  | Banished Louise
 37835 | Snake:1  | Noticed Kirke
 37839 | Snake:1  | Banished Kirke
 37893 | Snake:1  | Noticed Scypho's ghost (adept MiFi)
 38813 | Snake:2  | Found a transporter.
 38829 | Snake:2  | Reached XP level 18. HP: 112/114 MP: 25/25
 39010 | Snake:2  | Found Iwot's Self-Published Books.
 39453 | Snake:2  | Found Urasi's Jewellery Shop.
 39931 | Snake:3  | HP: 5/115 [naga warrior/+0 glaive (29)]
 39931 | Snake:3  | Mangled by a naga

Illustrated notes

Levels and vault maps discovered:
D:1:      saegor_arrival_miasma, layout_loops_ring, basic_ecumenical_altar
D:2:      layout_basic, minmay_tromino_i2
D:3:      layout_loops_cross, ebering_dispersal_statue_hall
D:4:      layout_loops_ring, serial_shops, nicolae_shop_stone,
          nicolae_shop_stone, shop, amcnicky_altar_lugonu_corruption,
          uniq_natasha, uniq_edmund
D:5:      layout_basic, minmay_temple_entry_glassed_door, enter_ossuary_5
D:6:      layout_loops_ring, okawaru_trees_2, uniq_duvessa, uniq_eustachio,
          uniq_pikel
D:7:      layout_loops_ring, kennysheep_generic_room_16
D:8:      layout_basic
D:9:      minmay_s_stair_smasher, layout_loops_ring, minmay_misc_feat_iff
D:10:     layout_basic, minmay_orc_entry_guard_dogs
D:11:     layout_cave_pools, david_lair_generic, gauntlet_entry_generic,
          serial_shops, nicolae_shop_window_shopping, serial_undead,
          serial_undead_e, serial_undead_f, serial_undead_a, serial_undead_b,
          serial_undead_d, serial_undead_d, serial_undead_d,
          kennysheep_orc_sif_temple
D:12:     layout_irregular_city, serial_shops, shop,
          portal_ice_cave_entry_pillars_2
D:13:     layout_basic
D:14:     layout_irregular_city, hellmonk_vaults_order_and_chaos,
          nicolae_kikubaaqudgha_miasma_corner, serial_shops, shop_statue
D:15:     grunt_enter_depths_hoard, layout_loops_corners,
          nicolae_trove_entry_free_sample, minmay_splitting_lines, uniq_azrael
Temple:   mainiacjoe_temple_trianglar_array
Lair:1:   layout_misc_corridors, minivault_24, lemuel_fruit_tree, uniq_erica
Lair:2:   nzn_winding_woodlands_huge [nzn_winding_woodlands_5x15_pockets,
          nzn_winding_woodlands_5x15_pathside_ponds,
          nzn_winding_woodlands_5x15_river_crossing,
          nzn_winding_woodlands_5x15_split_checker,
          nzn_winding_woodlands_5x15_zeroes,
          nzn_winding_woodlands_5x15_longhouse,
          nzn_winding_woodlands_5x15_sidewinder,
          nzn_winding_woodlands_5x15_parted, nzn_winding_woodlands_5x15_jagged,
          nzn_winding_woodlands_5x15_crooked,
          nzn_winding_woodlands_center_triple_pond,
          nzn_winding_woodlands_center_pierced_h,
          nzn_winding_woodlands_15x15_killbox], layout_regular_city, uniq_fannar
Lair:3:   layout_cave_pods, palyth_hydra_swamp_entry,
          minmay_snake_entry_guardpost_small, gammafunk_ghost_wrathful_warriors,
          hangedman_tree_tricks, grunt_forest_small_clearings,
          guppyfry_lair_drakes, uniq_sonja, uniq_rupert
Lair:4:   layout_roguey, grunt_megastairs_5, serial_bayou_shore_a
Lair:5:   grunt_lair_end_beastmaster, layout_cave_shapes,
          nicolae_slime_entry_field_trip
Swamp:1:  layout_basic_swamp, evilmike_swamp_ruin_house_3, swamp_pool5
Swamp:2:  layout_basic_swamp, evilmike_swamp_ruin_house_5, swamp_pool3,
          uniq_mlioglotl
Swamp:3:  layout_basic_swamp, nicolae_swamp_feature_on_the_river_bank,
          swamp_pool1, infiniplex_staircase_pool
Swamp:4:  swamp_old_school, layout_basic_swamp, uniq_donald
Snake:1:  layout_onion_interference, gammafunk_ghost_abyssal_escape,
          grunt_ministairs_6, st_stairs_9, uniq_aizul, uniq_nikola, uniq_louise,
          uniq_kirke, uniq_agnes
Snake:2:  gammafunk_sealed_library, layout_cave_shapes,
          nicolae_wooded_promenade, nicolae_custom_books
Snake:3:  layout_misc_corridors, drop_trap, serial_bayou_shore_b
Orc:1:    layout_caves, statue_in_the_mist_lemuel
Orc:2:    st_orc_rangers, layout_caves, serial_shops, shop,
          nicolae_shop_pleasant_corner_grove, shop,
          nicolae_shop_tiny_real_fake_doors, nicolae_shop_window_shopping,
          minmay_orc_treasury, uniq_saint_roka, uniq_josephine

Skill      XL: |  1  2  3  4  5  6  7  8  9 10 11 12 13 14 15 16 17 18 |
---------------+-------------------------------------------------------+-----
Armour         | 2 3 4 6 |  6.0
Long Blades    | 3 4 5 6 12 | 12.7
Translocations | 3 4 5 6 7 9 11 | 11.0
Short Blades   | 1 5 9 12 13 | 13.1
Fighting       | 6 8 11 12 13 | 13.6
Invocations    | 2 6 8 9 |  9.0
Dodging        | 4 8 9 10 12 | 12.0
Air Magic      | 5 8 10 | 10.0
Spellcasting   | 3 4 |  4.0
Stealth        | 7 8 11 12 | 12.3
Transmutations | 4 6 |  6.5
Earth Magic    | 2 3 |  3.0
Evocations     | 5 7 |  7.0
Shields        | 3 4 |  4.0
Throwing       | |  1.0

Action                     |  1- 3 |  4- 6 |  7- 9 | 10-12 | 13-15 | 16-18 || total
---------------------------+-------+-------+-------+-------+-------+-------++-------
  Melee: Falchion          |    69 |    99 |    12 |       |       |       ||   180
         Kick              |    17 |    44 |   130 |   423 |   811 |   218 ||  1643
         Peck              |     9 |    30 |    87 |   266 |   473 |   124 ||   989
         Punch             |     3 |     1 |     5 |    22 |    30 |     5 ||    66
         Dagger            |       |    70 |   275 |       |       |       ||   345
         Short sword       |       |       |    79 |   926 |  1429 |       ||  2434
         Long sword        |       |       |       |       |    68 |   307 ||   375
         Scimitar          |       |       |       |       |       |    86 ||    86
         Rapier            |       |       |       |       |       |   405 ||   405
  Throw: Dart              |       |     5 |       |     4 |       |     2 ||    11
   Cast: Wereblood         |       |       |       |       |    22 |     6 ||    28
         Manifold Assault  |       |       |       |       |       |   187 ||   187
         Blink             |       |       |       |       |       |     1 ||     1
 Invoke: Banish            |       |       |       |     2 |     4 |     2 ||     8
         Corrupt           |       |       |       |       |     1 |     1 ||     2
         Brand Weapon With |       |       |       |       |       |     1 ||     1
  Evoke: Wand              |       |       |       |     3 |     2 |     2 ||     7
         Condenser vane    |       |       |       |       |       |     1 ||     1
         Lightning rod     |       |       |       |       |       |     4 ||     4
         Phial of floods   |       |       |       |       |       |     1 ||     1
         Phantom mirror    |       |       |       |       |       |     1 ||     1
    Use: Scroll            |       |     3 |     3 |     5 |    12 |    15 ||    38
         Potion            |       |     1 |       |     2 |     3 |     3 ||     9
   Stab: Sleeping          |     1 |     1 |       |       |    20 |    20 ||    42
         Distracted        |       |       |       |       |     3 |     4 ||     7
         Petrified         |       |       |       |       |     1 |       ||     1
         Confused          |       |       |       |       |       |     2 ||     2
 Armour: Leather armour    |    30 |     4 |       |       |       |       ||    34
         Ring mail         |       |    76 |   105 |   398 |   560 |   275 ||  1414
  Dodge: Dodged            |    43 |   112 |   179 |   667 |  1160 |   590 ||  2751
  Block: Buckler           |       |       |       |       |       |    56 ||    56

Table legend: (Time is in decaauts)
 A = Elapsed time spent in this place.
 B = Non-inter-level travel time spent in this place.
 C = Inter-level travel time spent in this place.
 D = Time resting spent in this place.
 E = Time spent auto-exploring this place.
 F = Levels seen in this place.
 G = Mean time per level.
                   A        B        C        D        E       F      G
               +--------+--------+--------+--------+--------+-----+--------+
         Total |  38534 |  35473 |   3061 |   8067 |  19866 |  32 | 1204.2 |
       Dungeon |  18000 |  16262 |   1738 |   2819 |  10129 |  15 | 1200.0 |
        Temple |      1 |      1 |      0 |      0 |      0 |   1 |    1.0 |
          Lair |   8516 |   7750 |    766 |   1753 |   4539 |   5 | 1703.2 |
         Swamp |   4098 |   3857 |    241 |   1207 |   1947 |   4 | 1024.5 |
     Snake Pit |   2648 |   2572 |     76 |    605 |   1516 |   3 |  882.7 |
  Orcish Mines |   3881 |   3642 |    239 |   1307 |   1293 |   2 | 1940.5 |
      Ice Cave |    771 |    771 |      0 |    290 |    240 |   1 |  771.0 |
      Gauntlet |    616 |    616 |      0 |     86 |    201 |   1 |  616.0 |
               +--------+--------+--------+--------+--------+-----+--------+

Top non-repeatable levels by time:
  Lair:3: 2923 daAuts
  Lair:2: 2457 daAuts
   Orc:2: 2137 daAuts
    D:10: 1901 daAuts
   Orc:1: 1744 daAuts
    D:15: 1704 daAuts
     D:9: 1574 daAuts
    D:13: 1507 daAuts
 Snake:1: 1458 daAuts
  Lair:5: 1414 daAuts
    D:14: 1357 daAuts
  Lair:4: 1298 daAuts
 Swamp:3: 1281 daAuts
    D:11: 1278 daAuts
     D:4: 1225 daAuts
